 Dungeon Crawl Stone Soup version 0.15-a0-1081-gb32516e (webtiles) character file.

134 PolkaDot the Vexing (level 4, -3/30 HPs)
             Began as a Vampire Enchanter on May 28, 2014.
             Killed from afar by an orc wizard (8 damage)
             ... with a puff of flame
             ... on Level 3 of the Dungeon.
             The game lasted 00:10:24 (2928 turns).

PolkaDot the Vexing (Vampire Enchanter)             Turns: 2928, Time: 00:10:24

HP  -3/30        AC  4     Str  8      XL: 4   Next: 95%
MP   0/7         EV 11     Int 17      God:
Gold 63          SH  7     Dex 14      Spells:  3 memorised,  1 level left

rFire  . . .     SeeInvis +     a - +1,+2 dagger
rCold  + + .     Clarity  .     b - +1 robe
rNeg   + + +     Conserve .     r - +0 buckler
rPois  +         rCorr    .     (no helmet)
rElec  .         rRot     +     q - +0 cloak
SustAb .         Spirit   .     (no gloves)
rMut   .         Warding  .     (no boots)
Gourm  .         Stasis   .     (no amulet)
MR     .....                    (no ring)
                                (no ring)

@: very slightly contaminated, bloodless, non-regenerating, hasted, very quick,
not resistant to hostile enchantments, fairly stealthy
A: fangs 3, see invisible, unbreathing
a: Bat Form


You were on level 3 of the Dungeon.
You were bloodless.

You visited 1 branch of the dungeon, and saw 3 of its levels.

You collected 63 gold pieces.

Inventory:

Hand weapons
 a - a +1,+2 dagger (weapon)
Missiles
 d - 10 darts (quivered)
Armour
 b - a +1 robe (worn)
 q - a +0 cloak (worn)
 r - a +0 buckler (worn)
Scrolls
 e - a scroll of remove curse
 f - a scroll of recharging
 j - a scroll of noise
Books
 c - a book of Maledictions

   Spells                             Type                      Level
   *Corona                            Hexes                        1
   Sure Blade                         Hexes/Charms                 2
   *Ensorcelled Hibernation           Hexes/Ice                    2
   *Confuse                           Hexes                        3
   Dazzling Spray                     Conjuration/Hexes            3
   Enslavement                        Hexes                        4


   Skills:
 - Level 2.1 Short Blades
 - Level 0.7 Throwing
 - Level 2.1 Dodging
 + Level 4.9 Stealth
 - Level 2.0 Spellcasting
 * Level 6.5 Hexes
 + Level 1.2 Ice Magic


You had one spell level left.
You knew the following spells:

 Your Spells              Type           Power        Failure   Level  Hunger
a - Corona                Hex            ###....      1%          1    #......
c - Confuse               Hex            ###.....     6%          3    ####...
d - Ensorcelled Hibernat  Hex/Ice        ##....       10%         2    ###....


Dungeon Overview and Level Annotations

Branches:
Dungeon (3/15)

Altars:
Cheibriados

Annotations:
D:2 Grinder


Innate Abilities, Weirdness & Mutations

You do not heal naturally.
You have razor-sharp teeth.*
You have supernaturally acute eyesight.
You can survive without breathing.*


Message History

The magic dart hits you!
* * * LOW HITPOINT WARNING * * *
The orc hits you with a short sword.
* * * LOW HITPOINT WARNING * * *
Read which item? (? for menu, Esc to quit)
Okay, then.
Drink which item? (? for menu, Esc to quit)
You feel better. The orc wizard completely misses you.
Drink which item? (? for menu, Esc to quit)
You feel yourself speed up. The orc wizard hits you with a dagger.
* * * LOW HITPOINT WARNING * * *
The orc barely misses you.
You barely miss the orc wizard.
The orc wizard is moderately wounded.
You hit the orc wizard but do no damage.
You bite the orc wizard, but do no damage.
The orc wizard is moderately wounded.
The orc wizard gestures at you while chanting.
The puff of flame hits you!
You die...

#≈≈.........<.#
#8≈........).<#
#≈≈..#........#
#≈...#........#
##..#.#........#
#.##..#........#
#.##..#........#
#.##.##........#
#....##@..(....#
###.#####.#..##oo......#
............((.........#
##.########.###########
#..# #..# #..# ...#
#o#.#


You could see an orc wizard and an orc.

Vanquished Creatures
  7 adders
  2 giant mites (D:2)
  2 giant geckos
  An ooze (D:1)
  An orc (D:3)
  A ball python (D:1)
  A giant cockroach (D:1)
  2 hobgoblins
  4 jackals (D:2)
  9 kobolds
  3 quokkas
  6 bats
  2 giant newts (D:1)
  4 goblins
  4 rats
49 creatures vanquished.

Notes
Turn   | Place    | Note
--------------------------------------------------------------
     0 | D:1      | PolkaDot, the Vampire Enchanter, began the quest for the Orb.
     0 | D:1      | Reached XP level 1. HP: 13/13 MP: 3/3
   361 | D:1      | Reached XP level 2. HP: 19/19 MP: 2/4
   380 | D:1      | Learned a level 2 spell: Ensorcelled Hibernation
   937 | D:1      | Reached skill level 5 in Hexes
  1854 | D:2      | Reached XP level 3. HP: 21/24 MP: 0/6
  2157 | D:2      | Reached XP level 4. HP: 30/30 MP: 7/7
  2178 | D:2      | Reached skill level 6 in Hexes
  2279 | D:2      | Found a snail-covered altar of Cheibriados.
  2465 | D:2      | Learned a level 3 spell: Confuse
  2482 | D:2      | Reached skill level 1 in Ice Magic
  2629 | D:3      | Noticed Grinder
  2671 | D:2      | Paralysed by Grinder for 5 turns
  2696 | D:2      | Paralysed by Grinder for 5 turns
  2928 | D:3      | Killed from afar by an orc wizard

Action                   |  1- 3 |  4- 6 || total
-------------------------+-------+-------++-------
Melee: Dagger            |    99 |    94 ||   193
Throw: Dart              |    12 |       ||    12
 Cast: Corona            |    13 |     4 ||    17
       Ensorcelled Hiber |    10 |    16 ||    26
       Confuse           |       |     2 ||     2
 Abil: End Transformatio |       |     1 ||     1
       Bat Form          |       |     1 ||     1
  Use: Scroll            |     2 |     5 ||     7
       Potion            |       |     9 ||     9
 Stab: Sleeping          |    13 |     9 ||    22
